 Dungeon Crawl Stone Soup version 0.23.2-33-g5129a83184 (webtiles) character file.

Game seed: 10489841256241517047

198 Aiteri the Skirmisher (level 5, -7/48 HPs)
             Began as a Hill Orc Fighter on July 3, 2019.
             Mangled by an ogre
             ... wielding a +0 giant club
              (27 damage)
             ... on level 3 of the Dungeon.
             The game lasted 00:04:57 (2566 turns).

Aiteri the Skirmisher (Hill Orc Fighter)            Turns: 2566, Time: 00:04:58

Health: -7/48      AC:  7    Str: 20    XL:     5   Next: 77%
Magic:  5/5        EV:  7    Int:  8    God:
Gold:   87         SH:  9    Dex: 10    Spells: 4/4 levels left

rFire    . . .     SeeInvis .   a - +0 war axe
rCold    . . .     Gourm    .   c - +0 shield
rNeg     . . .     Faith    .   b - +0 scale mail
rPois    .         Spirit   .   (no helmet)
rElec    .         Reflect  .   (no cloak)
rCorr    .         Harm     .   (no gloves)
MR       .....                  (no boots)
Stlth    ..........             (no amulet)
HPRegen  0.16/turn              (no ring)
MPRegen  0.09/turn              (no ring)

@: no status effects
A: no striking features
a: no special abilities


You were on level 3 of the Dungeon.
You were hungry.

You visited 1 branch of the dungeon, and saw 4 of its levels.

You collected 87 gold pieces.

Inventory:

Hand Weapons
 a - a +0 war axe (weapon)
Armour
 b - a +0 scale mail (worn)
 c - a +0 shield (worn)
 m - a +0 plate armour
Scrolls
 g - a scroll of fear {unknown}
 k - a scroll of fog
 o - a scroll of blinking {unknown}
 p - 2 scrolls of identify {unknown}
 t - a scroll of magic mapping {unknown}
 u - a scroll of teleportation {unknown}
Potions
 d - a potion of might
 e - 2 potions of haste {unknown}
 h - 3 potions of curing
 i - a potion of invisibility {unknown}
 j - a potion of mutation {unknown}
 l - a potion of lignification {unknown}
 n - a potion of agility {unknown}
 q - a potion of degeneration {unknown}
 r - a potion of berserk rage {unknown}
 s - 2 potions of resistance {unknown}
Comestibles
 f - 6 rations


   Skills:
 * Level 5.5 Fighting
 * Level 5.2 Axes
 * Level 4.2 Armour
 - Level 3.2 Shields


You had 4 spell levels left.
You didn't know any spells.
Your spell library was empty.

Dungeon Overview and Level Annotations

Branches:
Dungeon (4/15)
 Temple: D:4-7

Altars:
Cheibriados
Hepliaklqana
Ru
Sif Muna
Trog
The Shining One

Annotations:
D:2 Sigmund


Message History

You are feeling hungry.
u - a scroll labeled TITAOGGUMYE
There is a stone staircase leading down here.
HP restored.
An ogre comes into view. It is wielding a +0 giant club.
The ogre shouts!
The ogre hits you with a +0 giant club!
You barely miss the ogre. The ogre hits you with a +0 giant club!
You are too injured to fight recklessly!
There is a stone staircase leading up here.
The ogre hits you with a +0 giant club!
You climb upwards.
There is a stone staircase leading down here.
It was a potion of curing.
You feel better. The ogre hits you with a +0 giant club.
You hit the ogre.
The ogre is lightly wounded.
The ogre hits you with a +0 giant club!!
Ouch! That really hurt!
You die...

#.###.###### #.#
####.#
#......###.#
#....#
#..###.#...#
###.##.###..#
#.##.##
........##..#
#....#
###.###.....#
###### # #.#
#.##.##
###+###.##.#######
###_+..........O@#
###+###......#.###
# #.# #.######.#
###.###......#.#
.........###.#.#
##.(..#........#
##.......###.###
##########...#
....######.###


You could see an ogre.

Vanquished Creatures
  A sky beast (D:4)
  An orc wizard (D:3)
  An adder (D:4)
  3 worms
  A dart slug (D:1)
  2 leopard geckos
  3 orcs (D:3)
  3 bats
  3 giant cockroaches
  6 goblins
  5 hobgoblins
  3 jackals (D:2)
  4 quokkas
  6 frilled lizards
  9 kobolds
  A leopard gecko skeleton (D:4)
  6 rats
58 creatures vanquished.

Notes
Turn   | Place    | Note
-------+----------+-------------------------------------------
     0 | D:1      | Aiteri the Hill Orc Fighter began the quest for the Orb.
     0 | D:1      | Reached XP level 1. HP: 19/19 MP: 1/1
    40 | D:1      | Found a snail-covered altar of Cheibriados.
   200 | D:1      | Reached XP level 2. HP: 25/27 MP: 2/2
   475 | D:1      | Reached XP level 3. HP: 23/34 MP: 3/3
   805 | D:2      | Noticed Sigmund
  1147 | D:2      | Found a deep blue altar of Sif Muna.
  1185 | D:2      | Found a glowing golden altar of the Shining One.
  1604 | D:3      | Found a hazy altar of Hepliaklqana.
  1661 | D:3      | Reached XP level 4. HP: 32/41 MP: 4/4
  1682 | D:3      | Found a sacrificial altar of Ru.
  1901 | D:3      | Reached skill level 5 in Fighting
  2103 | D:3      | Found a bloodstained altar of Trog.
  2263 | D:4      | Noticed a sky beast
  2276 | D:4      | Killed a sky beast
  2276 | D:4      | Reached skill level 5 in Axes
  2276 | D:4      | Reached XP level 5. HP: 34/48 MP: 5/5
  2532 | D:4      | Noticed an ogre
  2566 | D:3      | Mangled by an ogre

Skill      XL: |  1  2  3  4 |
---------------+-------------+-----
Axes           | 3 4 5 |  5.2
Fighting       | 4 5 |  5.5
Armour         | 4 |  4.2
Shields        | |  3.2

Action                   |  1- 3 |  4- 6 || total
-------------------------+-------+-------++-------
Melee: War axe           |   144 |    62 ||   206
  Use: Scroll            |     1 |       ||     1
       Potion            |       |     1 ||     1
  Eat: Chunk             |     2 |     3 ||     5
Armor: Scale mail        |    53 |    24 ||    77
Dodge: Dodged            |    39 |    14 ||    53
Block: Shield            |    71 |    20 ||    91
